 Dungeon Crawl Stone Soup version 0.30.0-5-g1a98f26d00 (webtiles) character file.

Game seed: 1685576010889090899

23452 qeuew the Protected (level 12, -5/108 HPs)
             Began as a Minotaur Fighter on May 9, 2023.
             Slain by a jumping spider (9 damage)
             ... on level 2 of the Lair of Beasts.
             The game lasted 00:21:08 (12351 turns).

qeuew the Protected (Minotaur Fighter)             Turns: 12351, Time: 00:21:08

Health: -5/108     AC: 27    Str: 28    XL:     12   Next: 72%
Magic:  11/11      EV: 14    Int:  5    God:
Gold:   1783       SH:  7    Dex: 14    Spells: 11/11 levels left

rFire   x . .        a - +1 war axe (protect)
rCold   + + .        b - +0 buckler {rC+}
rNeg    . . .        c - +2 scale mail {rC+}
rPois   +            (helmet restricted)
rElec   .            k - +2 cloak
rCorr   .            (no gloves)
SInv    .            i - +2 pair of boots
Will    .....        (no amulet) Stlth
                     m - +6 ring of strength
HPRegen 0.38/turn    o - ring of poison resistance
MPRegen 0.12/turn

%: no passive effects
@: under a protective aura, studying Necromancy
A: horns 2, retaliatory headbutt, fangs 1, shaggy fur 1, heat vulnerability 1,
MP-powered wands
a: no special abilities


You were on level 2 of the Lair of Beasts.
You visited 2 branches of the dungeon, and saw 11 of its levels.
You also visited: Sewer, Ossuary and Ice Cave.

You collected 1783 gold pieces.

Inventory:

Hand Weapons
 a - a +1 war axe of protection (weapon)
Armour
 b - a +0 buckler of cold resistance (worn)
 c - a +2 scale mail of cold resistance (worn)
 i - a +2 pair of boots (worn)
 k - a +2 cloak (worn)
Jewellery
 m - a +6 ring of strength (left hand)
 o - a ring of poison resistance (right hand)
Wands
 v - a wand of mindburst (41) (quivered)
Scrolls
 e - 3 scrolls of enchant armour
 h - 2 scrolls of enchant weapon
 j - 8 scrolls of identify
 l - 2 scrolls of magic mapping
 n - 6 scrolls of teleportation
 r - 3 scrolls of fear
Potions
 f - 4 potions of curing
 g - 3 potions of brilliance
 p - 3 potions of cancellation
 t - 2 potions of haste


   Skills:
 + Level 10.7 Fighting
 + Level 10.3 Axes
 * Level 14.5 Armour
 + Level 9.0 Dodging
 + Level 10.8 Shields
 + Level 6.5 Evocations


You had 11 spell levels left.
You didn't know any spells.
Your spell library contained the following spells:

 Spells                   Type           Power      Damage    Failure   Level
 Kiss of Death            Conj/Necr      0%         2d5       71%         1
 Sandblast                Erth           0%         2d4       71%         1
 Passwall                 Tmut/Erth      0%         N/A       83%         2
 Sublimation of Blood     Necr           0%         N/A       83%         2
 Wereblood                Tmut           0%         N/A       83%         2
 Confusing Touch          Hex            0%         N/A       97%         3
 Stone Arrow              Conj/Erth      0%         3d7       97%         3
 Dispel Undead            Necr           0%         3d6       100%        4
 Summon Hydra             Summ           0%         N/A       100%        7


Dungeon Overview and Level Annotations

Branches:
Dungeon (9/15)             Temple (0/1) D:7            Lair (2/5) D:9
 Shoals (0/4) Lair:2       Spider (0/4) Lair:2        Sewer (visited)
Ossuary (visited)           IceCv (visited)
    Orc: D:9-12

Altars:
Kikubaaqudgha
Trog
Yredelemnul
The Shining One

Shops:
D:1 =   D:7 =

Annotations:
D:5 4 transporters, Menkaure; SleepySteel's ghost, novice DEGl


Innate Abilities, Weirdness & Mutations

You have a pair of horns on your head.
You reflexively headbutt those who attack you in melee.
You have very sharp teeth.
You are covered in fur. (AC +1)
You are vulnerable to heat. (rF-)
You expend magic power (3 MP) to strengthen your wands.


Message History

The culicivora is moderately wounded.
The jumping spider leaps!
You block the culicivora's attack.
The jumping spider pounces on you but does no damage.
You block the jumping spider's attack.
Unknown command.
You slice the culicivora!!
You bite the culicivora, but do no damage.
The culicivora is severely wounded.
You slash the jumping spider! The culicivora bites you!
* * * LOW HITPOINT WARNING * * *
The culicivora draws strength from your injuries!
You block the jumping spider's attack.
The jumping spider completely misses you.
The culicivora bites you but does no damage.
You closely miss the culicivora. Your bite misses the culicivora.
The culicivora is heavily wounded.
You hit the jumping spider but do no damage.
You block the jumping spider's attack. x2; The culicivora bites you.
* * * LOW HITPOINT WARNING * * *
The culicivora draws strength from your injuries!
The jumping spider pounces on you but does no damage.
The jumping spider bites you but does no damage.
Okay, then.
You closely miss the jumping spider.
The jumping spider is heavily wounded.
You hit the culicivora. The culicivora bites you.
* * * LOW HITPOINT WARNING * * *
The culicivora draws strength from your injuries!
The jumping spider pounces on you.
* * * LOW HITPOINT WARNING * * *
The jumping spider closely misses you. The culicivora misses you.
You furiously retaliate!
You headbutt the culicivora! You hit the jumping spider.
The jumping spider is severely wounded.
You slash the culicivora! You block the jumping spider's attack.
The jumping spider closely misses you. The culicivora bites you!
* * * LOW HITPOINT WARNING * * *
The culicivora draws strength from your injuries!
The jumping spider pounces on you!
You die...

....##..# #######....#.#....##...
....##.##**** ###........##....
.#......#.#.# #....#...........
###........## #.^....#.#....~~~ *
#...####..##* ##...#.###....~~≈
###.....>#....* ##......##...~~≈≈
..............###....P..###..^~≈~
..#P.P...)..###......P.###..P~~≈~
...........##.^^@s###..##...#~≈≈~
P~~~....####.^.s.##.......#...~≈≈
~~P~.....##^...^##.#.#....[...~≈≈
P~~......#......**#....#.......~~
P~~~..#.##.>..##*,#..P.##.......[
P~P.....#....#*,*,.....##.......P
~~~.....#####*,,,,,,#P.##........
PPPP...#..,,,,.....,*#.P....P...#
~~P~.......***.....###......#.#.P


You could see a culicivora and a jumping spider.

Vanquished Creatures
  3 death yaks (D:9)
  A necromancer (IceCv)
  A wolf spider (Lair:2)
  An ice statue (IceCv)
  5 elephants (Lair:1)
  5 cane toads (Lair:1)
  3 komodo dragons (Lair:1)
  A rime drake (Lair:2)
  An efreet (D:8)
  2 freezing wraiths (IceCv)
  Psyche (D:8)
  3 anaconda simulacra (IceCv)
  11 ice devils (IceCv)
  Grinder (Sewer)
  4 blink frogs (Lair:1)
  A hornet (D:6)
  Prince Ribbit (D:9)
  2 dire elephant simulacra (IceCv)
  A culicivora (Lair:2)
  2 basilisks (Lair:2)
  11 yaks
  A wraith (D:9)
  3 wyverns
  A steam dragon (D:8)
  2 death yak simulacra (IceCv)
  3 harpy simulacra (IceCv)
  6 water moccasins
  An acid dragon (D:9)
  Duvessa (D:6)
  2 hydra simulacra (IceCv)
  2 black bears
  An ice beast (D:6)
  6 orc warriors
  A sky beast (D:7)
  2 ogres
  The ghost of asfdlkj the Insei, an amateur DgTm (D:3)
  A centaur (D:5)
  5 wolves (Lair:1)
  2 elf zombies (Ossuary)
  4 phantoms
  2 kobold brigands
  A necrophage (Sewer)
  6 bullfrogs
  A gnoll sergeant (D:7)
  2 cane toad simulacra (IceCv)
  A two-headed ogre simulacrum (IceCv)
  18 wights
  Dowan (D:6)
  9 killer bees
  10 elephant simulacra (IceCv)
  3 electric eels (Lair:2)
  A howler monkey (D:5)
  A human zombie (Ossuary)
  A centaur zombie (Ossuary)
  5 orc priests
  3 hounds
  Crazy Yiuf (D:2)
  A gnoll bouda (D:6)
  A sleepcap (D:8)
  4 iguanas
  5 orc wizards
  A troll simulacrum (IceCv)
  A spriggan simulacrum (IceCv)
  6 polar bear simulacra (IceCv)
  2 mummies (Ossuary)
  7 gnolls
  7 adders
  A naga simulacrum (IceCv)
  3 river rats (D:9)
  4 shadow imps (Sewer)
  12 white imps (Lair:2)
  5 ufetubi
  2 adder zombies (Ossuary)
  2 worms (D:2)
  2 dart slugs (D:1)
  22 orcs
  A bat zombie (Sewer)
  4 endoplasms
  7 giant cockroaches
  4 goblins
  7 hobgoblins
  3 jackals (D:1)
  30 kobolds
  2 quokkas (D:3)
  11 ball pythons
  9 bats
  A frilled lizard (D:2)
  9 hobgoblin zombies (Ossuary)
  A jackal zombie (Ossuary)
  13 kobold zombies
  10 orc zombies (Ossuary)
  8 rats
  A rat zombie (Ossuary)
381 creatures vanquished.

Notes
Turn   | Place    | Note
-------+----------+-------------------------------------------
     0 | D:1      | qeuew the Minotaur Fighter began the quest for the Orb.
     0 | D:1      | Reached XP level 1. HP: 19/19 MP: 0/0
    31 | D:1      | Reached XP level 2. HP: 22/27 MP: 1/1
    32 | D:1      | Reached skill level 4 in Armour
   338 | D:1      | Reached XP level 3. HP: 33/33 MP: 2/2
   532 | D:1      | Found Lat Din's Jewellery Boutique.
   672 | D:2      | Reached skill level 1 in Dodging
  1248 | D:2      | Reached XP level 4. HP: 40/40 MP: 3/3
  1585 | D:2      | Found a runed translucent door.
  1586 | D:2      | Noticed Crazy Yiuf
  1596 | D:2      | Killed Crazy Yiuf
  1632 | D:3      | Noticed asfdlkj's ghost (amateur DgTm)
  1701 | D:3      | Identified the +0 robe "Zier" {rCorr}
  1853 | D:3      | Found a faded altar of an unknown god.
  1999 | D:3      | Reached skill level 5 in Armour
  2077 | D:3      | Found a runed translucent door.
  2118 | D:3      | Killed asfdlkj's ghost
  2119 | D:3      | Reached XP level 5. HP: 44/47 MP: 4/4
  2384 | D:3      | Identified a scroll of acquirement
  2550 | D:4      | Found a glowing drain.
  2556 | Sewer    | Entered a sewer
  2756 | Sewer    | Found an ancient bone altar of Kikubaaqudgha.
  2760 | Sewer    | Noticed Grinder
  2775 | Sewer    | Reached XP level 6. HP: 51/53 MP: 5/5
  2784 | Sewer    | Reached skill level 6 in Armour
  2785 | Sewer    | Reached skill level 5 in Shields
  2791 | Sewer    | Killed Grinder
  2792 | Sewer    | Reached skill level 5 in Fighting
  2792 | Sewer    | Reached XP level 7. HP: 43/61 MP: 6/6
  2934 | D:4      | Found a glowing golden altar of the Shining One.
  3084 | D:4      | Reached skill level 7 in Armour
  3406 | D:4      | Gained mutation: Your spells are a little easier to cast,
                  | but a little less powerful. [potion of mutation]
  3406 | D:4      | Gained mutation: Your mind is acute. (Int +4, Str/Dex -1)
                  | [potion of mutation]
  3406 | D:4      | Gained mutation: You are frail. (-10% HP) [potion of
                  | mutation]
  3406 | D:4      | Gained mutation: You are somewhat resistant to further
                  | mutation. [potion of mutation]
  3443 | D:5      | Entered Level 5 of the Dungeon
  3528 | D:5      | Found a transporter.
  3539 | D:5      | Noticed SleepySteel's ghost (novice DEGl)
  3610 | D:5      | Reached skill level 5 in Axes
  3610 | D:5      | Reached XP level 8. HP: 63/63 MP: 7/7
  3678 | D:5      | Found a bloodstained altar of Trog.
  3772 | D:5      | Found a transporter.
  3775 | D:5      | Found a transporter.
  3801 | D:5      | Reached skill level 8 in Armour
  3842 | D:5      | Found a transporter.
  4039 | D:5      | Found a basalt altar of Yredelemnul.
  4039 | D:5      | Noticed Menkaure
  4044 | D:5      | Found an ancient bone altar of Kikubaaqudgha.
  4117 | D:5      | Acquired 970 gold pieces
  4355 | D:6      | Reached skill level 1 in Evocations
  4468 | D:6      | Noticed Duvessa
  4468 | D:6      | Noticed Dowan
  4484 | D:6      | Reached skill level 9 in Armour
  4487 | D:6      | Killed Dowan
  4488 | D:6      | Reached XP level 9. HP: 40/70 MP: 8/8
  4495 | D:6      | Killed Duvessa
  4594 | D:6      | Paralysed by a hornet for 3 turns
  4598 | D:6      | Reached skill level 5 in Dodging
  5225 | D:7      | Found a staircase to the Ecumenical Temple.
  5265 | D:7      | Found a sand-covered staircase.
  5272 | Ossuary  | Entered an ossuary
  5549 | Ossuary  | Reached skill level 10 in Armour
  5740 | D:7      | Found Pexetab's Jewellery Shop.
  6306 | D:8      | Noticed an efreet
  6315 | D:8      | Killed an efreet
  6316 | D:8      | Reached XP level 10. HP: 36/79 MP: 9/9
  6531 | D:8      | Noticed a two-headed ogre
  6956 | D:8      | Reached skill level 11 in Armour
  7045 | D:8      | Noticed Psyche
  7050 | D:8      | Killed Psyche
  7082 | D:8      | Identified the +3 whip of the Five Leylines {flame, rF+
                  | rC+}
  7607 | D:9      | Noticed Prince Ribbit
  7661 | D:9      | Killed Prince Ribbit
  7848 | D:9      | Noticed a death yak
  7853 | D:9      | Noticed a death yak
  7853 | D:9      | Noticed a death yak
  7862 | D:9      | Killed a death yak
  7869 | D:9      | Killed a death yak
  7870 | D:9      | Reached XP level 11. HP: 34/85 MP: 10/10
  7876 | D:9      | Killed a death yak
  7877 | D:9      | Reached skill level 12 in Armour
  7889 | D:9      | Found a staircase to the Lair.
  8106 | D:9      | Lost mutation: Your spells are a little easier to cast, but
                  | a little less powerful. [potion of mutation]
  8106 | D:9      | Lost mutation: You are somewhat resistant to further
                  | mutation. [potion of mutation]
  8106 | D:9      | Gained mutation: You are vulnerable to heat. (rF-) [potion
                  | of mutation]
  8106 | D:9      | Gained mutation: You are very vulnerable to heat. (rF--)
                  | [potion of mutation]
  8106 | D:9      | Gained mutation: You have very sharp teeth. [potion of
                  | mutation]
  8107 | D:9      | Lost mutation: You are frail. (-10% HP) [potion of
                  | mutation]
  8107 | D:9      | Lost mutation: You are very vulnerable to heat. (rF--)
                  | [potion of mutation]
  8107 | D:9      | Lost mutation: Your mind is acute. (Int +4, Str/Dex -1)
                  | [potion of mutation]
  8107 | D:9      | Gained mutation: You expend magic power (3 MP) to
                  | strengthen your wands. [potion of mutation]
  8107 | D:9      | Gained mutation: You are covered in fur. (AC +1) [potion of
                  | mutation]
  8341 | Lair:1   | Entered Level 1 of the Lair of Beasts
  8684 | Lair:1   | Reached skill level 5 in Evocations
  9010 | Lair:1   | Reached skill level 13 in Armour
  9708 | Lair:2   | Reached skill level 10 in Shields
  9723 | Lair:2   | Found a frozen archway.
  9731 | IceCv    | Entered an ice cave
  9878 | IceCv    | Reached XP level 12. HP: 72/106 MP: 11/11
 10515 | IceCv    | Reached skill level 10 in Fighting
 10730 | IceCv    | Found an ancient bone altar of Kikubaaqudgha.
 11096 | IceCv    | Reached skill level 14 in Armour
 11393 | IceCv    | Reached skill level 10 in Axes
 12329 | Lair:2   | Found a hole to the Spider Nest.
 12351 | Lair:2   | HP: 4/108 [culicivora (11)]
 12351 | Lair:2   | Slain by a jumping spider

Illustrated notes

Levels and vault maps discovered:
D:1:      ebering_trefoil_3fold, layout_loops_ring, serial_shops,
          nicolae_square_shop
D:2:      layout_basic, chequers_serial_rivers_small_a, uniq_crazy_yiuf_cottage
D:3:      layout_loops_ring, hellmonk_ghost_happy_afterlife,
          shapermc_ecumenical_altar_notcrosses
D:4:      layout_loops_ring, tso_altar, portal_sewer_entry_e
D:5:      layout_basic, mainiacjoe_overflow_24_doors,
          gammafunk_temple_of_torment, gammafunk_ghost_arena
D:6:      layout_loops_ring, nicolae_underground_beach, uniq_duvessa
D:7:      layout_basic, minmay_temple_entry_overgrown,
          nicolae_ossuary_entry_false_entrances, serial_shops,
          nicolae_shop_tiny_glass
D:8:      layout_loops_ring, lightli_corner_chamber, uniq_psyche
D:9:      layout_basic, dpeg_lair_monsters, uniq_prince_ribbit1
Lair:1:   layout_regular_city, nicolae_quartered_pool_impasse
Lair:2:   layout_misc_corridors, minmay_shoals_entry_hut,
          spider_nest_entry_funnel_web, portal_ice_cave_entry_imps,
          serial_bayou_shore_a, grunt_megastairs_5, infiniplex_staircase_pool_2

Skill      XL: |  1  2  3  4  5  6  7  8  9 10 11 12 |
---------------+-------------------------------------+-----
Armour         | 4 5 6 7 9 10 11 13 14 | 14.5
Dodging        | 1 2 3 4 5 7 8 9 |  9.0
Shields        | 4 5 6 7 8 10 | 10.8
Fighting       | 4 5 6 7 8 9 10 | 10.7
Axes           | 3 4 5 6 7 8 9 10 | 10.3
Evocations     | 1 3 4 5 6 |  6.5

Action                     |  1- 3 |  4- 6 |  7- 9 | 10-12 || total
---------------------------+-------+-------+-------+-------++-------
  Melee: War axe           |    77 |   104 |   287 |   600 ||  1068
         Headbutt          |    11 |     9 |    47 |   149 ||   216
         Bite              |       |       |       |    60 ||    60
  Evoke: Wand              |       |       |       |     3 ||     3
    Use: Scroll            |     3 |     8 |     8 |     3 ||    22
         Potion            |     2 |     1 |     4 |     9 ||    16
   Stab: Invisible         |       |       |       |     3 ||     3
 Armour: Scale mail        |    45 |    47 |   171 |   400 ||   663
  Dodge: Dodged            |    42 |    48 |   181 |   386 ||   657
  Block: Buckler           |    19 |    19 |    79 |    84 ||   201
         Kite shield       |       |       |     4 |   312 ||   316
